Unix NetHack Version 3.7.0-71 Work-in-progress - last build Jan 31 2023 02:41:03 (7ba98a1283f2b7cec35fde026edb48fc825ab8ae,branch:master). Game began 2023-02-04 15:24:53, ended 2023-02-04 16:05:00. Gandelf, neutral male human Monk ------ -------- |....---...>|<| |.q...0....-|^| |.0@..|000.||^| |..%..|....||^| |----.------|^| |%.....| |.| |......------.| |.............| |....0.-----.?| -------- ---- Gandelf the Initiate St:18 Dx:15 Co:12 In:10 Wi:14 Ch:10 Neutral S:7308 Dlvl:6 $:55 HP:0(68) Pw:54(54) AC:-2 Xp:8/1541 T:5405 Satiated Burdened Latest messages: You try to move the boulder, but in vain. You try to move the boulder, but in vain. You try to move the boulder, but in vain. You have a little trouble lifting a scroll called earth. Continue? [ynq] (q) q You see here a scroll called earth. The boulder fills a pit. With great effort you move the boulder. You try to move the boulder, but in vain. You try to move the boulder, but in vain. You try to move the boulder, but in vain. You try to move the boulder, but in vain. You try to move the boulder, but in vain. You have a little trouble lifting a scroll called earth. Continue? [ynq] (q) q You see here a scroll called earth. The boulder fills a pit. The leocrotta hits! The leocrotta bites! The leocrotta misses! You miss the leocrotta. The leocrotta hits! The leocrotta bites! The leocrotta misses! The leocrotta hits! The leocrotta misses! The leocrotta hits! You hit the leocrotta! The leocrotta misses! The leocrotta bites! The leocrotta hits! The leocrotta hits! The leocrotta bites! The leocrotta hits! You miss the leocrotta. The leocrotta misses! The leocrotta misses! The leocrotta just misses! The leocrotta hits! The leocrotta misses! The leocrotta misses! You miss the leocrotta. The leocrotta misses! The leocrotta bites! The leocrotta misses! The leocrotta hits! You die... Do you want your possessions identified? [ynq] (y) y Do you want to see your attributes? [ynq] (y) y Do you want an account of creatures vanquished? [ynaq] (y) y Do you want to see your conduct and achievements? [ynq] (y) y Do you want to see the dungeon overview? [ynq] (y) y Inventory: Coins $ - 55 gold pieces Weapons E - 23 +0 arrows y - 2 +0 boomerangs V - 10 +0 darts (at the ready) Armor x - an uncursed +0 dwarvish iron helm (being worn) a - an uncursed +2 pair of leather gloves (being worn) R - an uncursed +0 pair of iron shoes (being worn) z - an uncursed +0 dwarvish roundshield (being worn) b - an uncursed +1 robe (being worn) Scrolls C - a cursed scroll of destroy armor X - a cursed scroll of earth F - a cursed scroll of enchant armor B - a cursed scroll of identify L - a cursed scroll of light I - a cursed scroll of remove curse N - a cursed scroll of teleportation Rings U - an uncursed +1 ring of adornment K - an uncursed ring of levitation e - a cursed -1 ring of protection Z - a cursed -2 ring of protection M - an uncursed ring of see invisible G - an uncursed ring of stealth P - a cursed ring of stealth Wands w - a wand of digging (0:1) W - a wand of light (0:13) n - a wand of lightning (0:7) J - a wand of magic missile (0:8) S - a cursed wand of sleep (0:7) D - a wand of speed monster (0:6) s - a blessed wand of striking (0:8) Tools o - an uncursed sack containing 38 items H - a cursed leash Q - an uncursed oil lamp k - an uncursed skeleton key Gems/Stones O - an uncursed flint stone Contents of the sack: 709 gold pieces an uncursed +0 dwarvish cloak an uncursed +0 dwarvish cloak an uncursed +0 dwarvish cloak a cursed -1 dwarvish cloak 5 uncursed apples 7 cursed apples 2 cursed cloves of garlic 6 cursed food rations 4 uncursed fortune cookies 4 cursed fortune cookies 5 uncursed oranges 6 uncursed oranges an uncursed pear 2 cursed tripe rations a cursed tin of iguana meat 2 uncursed eggs an uncursed lizard corpse 2 uncursed scrolls of blank paper an uncursed scroll of destroy armor an uncursed scroll of fire 2 uncursed scrolls of identify an uncursed scroll of light an uncursed spellbook of levitation a blessed spellbook of protection an uncursed potion of gain energy a cursed potion of monster detection 3 uncursed potions of water 3 uncursed potions of water 4 potions of unholy water a +0 pick-axe a +0 unicorn horn an uncursed chrysoberyl stone an uncursed worthless piece of black glass 2 uncursed worthless pieces of blue glass 2 uncursed worthless pieces of green glass an uncursed worthless piece of orange glass 2 uncursed worthless pieces of white glass Gandelf the Monk's attributes: Background: You were an Initiate, a level 8 male human Monk. You were neutral, on a mission for Chih Sung-tzu who was opposed by Shan Lai Ching (lawful) and Huan Ti (chaotic). You were in Sokoban, on level 6. You entered the dungeon 5405 turns ago. You had 1541 experience points, 1019 more were needed to attain level 9. Your score was 7308 before end-of-game adjustments. Basics: You had 0 out of 68 hit points. You had all 54 energy points (spell power). Your armor class was -2. Your wallet contained 55 zorkmids, and you had 709 more stashed away in your pack. Autopickup was on for '$)?+!=/' plus thrown. Final Characteristics: Your strength was 18 (limit:18/100). Your dexterity was 15 (limit:18). Your constitution was 12 (limit:18). Your intelligence was 10 (limit:18). Your wisdom was 14 (limit:18). Your charisma was 10 (limit:18). Final Status: You were satiated. You were burdened; movement was slightly slowed. You were empty handed. You had basic skill with martial arts and could have enhanced that. Final Attributes: You were piously aligned. You were sleep resistant. You were poison resistant. You saw invisible. You were telepathic. You were warned. You were stealthy. You were guarded. You were fast. You are dead. Miscellaneous: You encountered 1 bones level. Total elapsed playing time was 40 minutes and 7 seconds. Major events: Turn 1: Gandelf the neutral male human Monk entered the dungeon 639: entered the Gnomish Mines 643: attained the rank of Novice (level 3) 1598: attained the rank of Initiate (level 6) 3969: killed the Oracle 4235: destroyed Gandelf's ghost, the former Novice 5248: entered Sokoban 5405: killed by a leocrotta Vanquished creatures: the Oracle a ghost a small mimic a warhorse a dwarf ruler a leather golem 4 wolves 2 leprechauns a gnome ruler 2 lizards a white unicorn a dust vortex 4 soldier ants a fire ant 2 bugbears 12 Uruk-hai an orc shaman a fog cloud a yellow light 2 violet fungi 7 gnome leaders a kobold mummy 3 elf zombies a ghoul a paper golem 4 giant ants a little dog 2 floating eyes 7 dwarves 2 homunculi a kobold shaman 15 hill orcs a giant bat 2 iguanas an acid blob a hobbit 3 hobgoblins 2 orcs a brown mold 2 yellow molds a red mold 28 gnomes 4 garter snakes 2 gnome zombies 4 geckos 7 jackals 2 foxes 2 kobolds a goblin 2 sewer rats 4 lichens 8 newts 164 creatures vanquished. No species were genocided or became extinct. Voluntary challenges: You read items or engraved 1 time. You never engraved Elbereth. You never genocided any monsters. You never polymorphed an object. You never changed form. You used no wishes. You did not violate any of the special Sokoban rules. Achievements: You entered the Gnomish Mines. You attained the rank of Novice. You attained the rank of Initiate. You entered a shop. You entered Sokoban. The Dungeons of Doom: levels 1 to 7 Level 1: Level 2: A fountain. Level 3: Many fountains. Stairs down to The Gnomish Mines. Level 4: A general store, a fountain. Level 5: Level 6: Many fountains, a grave. Oracle of Delphi. Final resting place for Gandelf-Mon-Hum-Mal-Neu, killed by a soldier ant. Level 7: A fountain. Stairs up to Sokoban, level 6. The Gnomish Mines: levels 4 to 8 Level 4: Level 5: Level 6: Level 7: An altar, a fountain. Level 8: Sokoban: Level 6: <- You were here. Unsolved. Final resting place for you, killed by a leocrotta. Game over: ---------- / \ / REST \ / IN \ / PEACE \ / \ | Gandelf | | 764 Au | | killed by a | | leocrotta | | | | | | 2023 | *| * * * | * _________)/\\_//(\/(/\)/\//\/|_)_______ Goodbye Gandelf the Monk... You died in Sokoban on dungeon level 6 with 7232 points, and 764 pieces of gold, after 5405 moves. You were level 8 with a maximum of 68 hit points when you died.